 Dungeon Crawl Stone Soup version 0.31-a0-728-g01b46875f1 (webtiles) character file.

Game seed: 16976841508008294333

199310 jlumianski the Warrior (level 18, -3/128 HPs)
             Began as a Gargoyle Fighter on Sept 11, 2023.
             Was a High Priest of Okawaru.
             Slain by a goliath frog (4 damage)
             ... on level 1 of the Swamp.
             The game lasted 02:39:52 (26837 turns).

jlumianski the Warrior (Gargoyle Fighter)          Turns: 26837, Time: 02:39:53

Health: -3/128     AC: 43    Str: 30    XL:     18   Next: 47%
Magic:  18/25      EV:  6    Int: 13    God:    Okawaru [*****.]
Gold:   363        SH: 22    Dex:  9    Spells: 17/17 levels left

rFire   . . .        K - +0 broad axe (heavy)
rCold   . . .        y - +4 tower shield {reflect}
rNeg    + . .        r - +3 plate armour of Xiastea {Will+ Int+3 Slay+6}
rPois   ∞            q - +2 helmet
rElec   +            E - scarf {repulsion}
rCorr   .            G - +1 pair of gloves {Str+3}
SInv    .            x - +0 pair of boots of Uwaud {Will+ Regen+}
Will    +++..        i - amulet of regeneration
Stlth   +++          H - +4 ring of slaying
HPRegen 2.01/turn    Y - +4 ring of protection
MPRegen 0.19/turn

%: repel missiles, reflection
@: about to teleport, heroic, finesse-ful, grasped by roots, corroded, flying,
constricted, studying 3 skills
A: sickness immunity, AC +13, big wings, negative energy resistance 1,
electricity resistance, torment resistance 1, petrification resistance, low MP 1
}: 1/15 runes: serpentine
a: Renounce Religion, Heroism, Finesse, Duel


You were on level 1 of the Swamp.
You worshipped Okawaru.
Okawaru was extremely pleased with you.
You visited 6 branches of the dungeon, and saw 28 of its levels.
You visited the Abyss 1 time.
You also visited: Bailey, Gauntlet and Ice Cave.

You collected 4806 gold pieces.
You spent 4443 gold pieces at shops.

Inventory:

Hand Weapons
 b - a +2 eveningstar of protection
 K - a +0 heavy broad axe (weapon)
 T - the +1 short sword "Tiukher" {venom, *Rage Will++}
   (You found it on level 11 of the Dungeon)

   Will++:    It greatly increases your willpower.
   *Rage:     It berserks you when you make melee attacks (+20% chance).
Missiles
 f - 17 silver javelins
 I - 26 poisoned darts (quivered)
 V - 16 boomerangs
Armour
 q - a +2 helmet (worn)
 r - the +3 plate armour of Xiastea (worn) {Will+ Int+3 Slay+6}
   (Okawaru gifted it to you on level 4 of the Snake Pit)

   Int+3:     It affects your intelligence (+3).
   Slay+6:    It affects your accuracy & damage with ranged weapons and melee
   (+6).
   Will+:     It increases your willpower.
 v - the -1 pair of boots of Protective Custody {rElec rCorr Int+6}
   (Okawaru gifted it to you on level 5 of the Lair of Beasts)

   Int+6:     It affects your intelligence (+6).
   rElec:     It insulates you from electricity.
   rCorr:     It protects you from acid and corrosion.
 x - the +0 pair of boots of Uwaud (worn) {Will+ Regen+}
   (Okawaru gifted it to you on level 2 of the Snake Pit)

   Will+:     It increases your willpower.
   Regen+:    It increases your rate of health regeneration.
 y - a +4 tower shield of reflection (worn)
 E - a scarf of repulsion (worn)
 G - a +1 pair of gloves of strength (worn)
 S - a scarf of invisibility
Jewellery
 i - an amulet of regeneration (around neck)
 o - a ring of protection from cold
 A - a ring of ice
 H - a +4 ring of slaying (left hand)
 Y - a +4 ring of protection (right hand)
Wands
 m - a wand of iceblast (31)
 u - a wand of digging (11)
 F - a wand of light (5)
 N - a wand of mindburst (19)
 X - a wand of flame (14)
Scrolls
 c - a scroll of silence
 g - 2 scrolls of fear
 s - 9 scrolls of teleportation
 w - a scroll of revelation
 C - a scroll of blinking
 P - 3 scrolls of fog
 Q - 14 scrolls of identify
 Z - a scroll of poison
Potions
 d - 2 potions of heal wounds
 e - 5 potions of attraction
 h - 13 potions of curing
 l - 3 potions of cancellation
 p - 7 potions of haste
 z - 2 potions of invisibility
 D - a potion of resistance
 J - 5 potions of enlightenment
 O - 5 potions of might


   Skills:
 * Level 19.4(24.4) Fighting
 + Level 16.4(21.4) Axes
 + Level 1.1(16.7) Maces & Flails
 + Level 0.7(5.7) Throwing
 * Level 13.7(18.7) Armour
 * Level 15.3(20.3) Stealth
 + Level 12.6(17.6) Shields
 * Level 13.4 Invocations
 * Level 4.5 Evocations


You had 17 spell levels left.
You didn't know any spells.
Your spell library contained the following spells:

 Spells                   Type           Power      Damage    Failure   Level
 Magic Dart               Conj           0%         1d3       94%         1
 Sandblast                Erth           0%         2d4       94%         1
 Shock                    Conj/Air       0%         1d3       94%         1
 Sting                    Tmut/Pois      0%         1d3       94%         1
 Lesser Beckoning         Tloc           0%         N/A       98%         2
 Passwall                 Tmut/Erth      0%         N/A       98%         2
 Poisonous Vapours        Pois/Air       0%         N/A       98%         2
 Searing Ray              Conj           0%         2d4       98%         2
 Static Discharge         Conj/Air       0%         2-2/arc   98%         2
 Wereblood                Tmut           0%         N/A       98%         2
 Ignite Poison            Fire/Tmut/Pois 0%         N/A       100%        3
 Inner Flame              Hex/Fire       0%         N/A       100%        3
 Stone Arrow              Conj/Erth      0%         3d7       100%        3
 Swiftness                Air            0%         N/A       100%        3
 Airstrike                Air            0%         2d(0-16)  100%        4
 Cause Fear               Hex            0%         N/A       100%        4
 Flame Wave               Conj/Fire      0%         2d4       100%        4
 Fulminant Prism          Conj/Hex       0%         3d5       100%        4
 Olgreb's Toxic Radiance  Pois           0%         N/A       100%        4
 Sticky Flame             Conj/Fire      0%         2d3       100%        4
 Fireball                 Conj/Fire      0%         3d3       100%        5
 Freezing Cloud           Conj/Ice/Air   0%         6-21      100%        5
 Irradiate                Conj/Tmut      0%         3d11      100%        5
 Dispersal                Tloc           0%         N/A       100%        6
 Orb of Destruction       Conj           0%         9d5       100%        7
 Cigotuvi's Dreadful Rot  Necr/Pois/Air  Unusable   N/A       N/A         2
 Summon Guardian Golem    Hex/Summ       Unusable   N/A       N/A         3
 Animate Dead             Necr           Unusable   N/A       N/A         4
 Summon Lightning Spire   Summ/Air       Unusable   N/A       N/A         4
 Summon Forest            Summ/Tloc      Unusable   N/A       N/A         5
 Haunt                    Necr/Summ      Unusable   N/A       N/A         7
 Spellforged Servitor     Conj/Summ      Unusable   N/A       N/A         7
 Infestation              Necr           Unusable   N/A       N/A         8
 Dragon's Call            Summ           Unusable   N/A       N/A         9

Dungeon Overview and Level Annotations

Branches:
Dungeon (15/15)            Temple (1/1) D:4            Lair (5/5) D:11
  Swamp (1/4) Lair:3        Snake (4/4) Lair:2        Slime (0/5) Lair:4
    Orc (2/2) D:10            Elf (0/3) Orc:2        Vaults (0/5) D:13
 Depths (0/4) D:15         Bailey (visited)           IceCv (visited)
Gauntlet (visited)

Altars:
Ashenzari
Cheibriados
Dithmenos
Elyvilon
Fedhas
Gozag
Hepliaklqana
Kikubaaqudgha
Makhleb
Nemelex Xobeh
Okawaru
Qazlal
Ru
Sif Muna
Trog
Uskayaw
Vehumet
Wu Jian
Xom
Yredelemnul
Zin
The Shining One

Shops:
D:6 =   D:7 (   D:11 ?   Orc:1 :   Orc:2 (=*[   Snake:1 ?   Snake:4 !*=**?

Portals:
Trove: D:15 (give 16 scrolls of teleportation)


Innate Abilities, Weirdness & Mutations

You are immune to sickness and miasma.
Your stone body is resilient. (AC +13)
You are immune to poison.
Your large and strong wings let you fly.
You resist negative energy. (rN+)
You are resistant to electric shocks. (rElec)
You are resistant to unholy torment.
You are immune to petrification.
Your magical capacity is low. (-10% MP)


Message History

The swamp dragon bites you but does no damage.
You block the swamp dragon's attack. The swamp dragon tramples you.
You are held in place!
You block the goliath frog's attack. The vampire mosquito bites you.
* * * LOW HITPOINT WARNING * * *
The vampire mosquito bites you but does no damage.
Press: ? - help, v - describe, . - travel
Here: a shambling mangrove Some shallow water.
Unknown command.
As you read the scroll of teleportation, it crumbles to dust.
You feel strangely unstable.
You block the vampire mosquito's attack. x3
The vampire mosquito closely misses you.
You block the goliath frog's attack. The swamp dragon closely misses you.
The swamp dragon claws you but does no damage.
The swamp dragon tramples you but does no damage.
The shambling mangrove hits you!!
* * * LOW HITPOINT WARNING * * *
The grasping roots constrict you.
The vampire mosquito bites you but does no damage.
You barely miss the shambling mangrove. You barely miss the swamp dragon.
You slash the tyrant leech! You slash the vampire mosquito!
You chop the vampire mosquito into pieces!!!
You destroy the vampire mosquito!
Okawaru accepts your kill.
You block the vampire mosquito's attack.
The goliath frog hits you but does no damage.
You block the swamp dragon's attack. x2
The swamp dragon tramples you but does no damage.
You open the shambling mangrove like a pillowcase!!!
The shambling mangrove is heavily damaged.
You hit the swamp dragon. You slice the tyrant leech!!
You closely miss the vampire mosquito. x2
You block the vampire mosquito's attack. x2
The shambling mangrove barely misses you.
The grasping roots constrict you. The tyrant leech bites you!
* * * LOW HITPOINT WARNING * * *
The goliath frog hits you from afar.
You die...

~~~~~.~♣ .. .~~...♣♣♣♣
..~~~ ~♣.~~...♣♣♣ ♣♣
.~§~~ ♣♣~~~~.....♣ ~♣♣
.~~§.♣♣..§~~.....♣ ~~♣♣
....~~..........♣ .~.♣
♣....§wy.....~.♣ ...♣♣
♣~~~~~y@D§~~~~~. ≈≈..♣
♣♣♣.~~§~~f.F.~~~§.
≈≈≈.♣♣♣♣~♣♣.~~~.........♣
≈≈~..♣♣..~♣♣.~~..~~....♣♣
≈≈≈.~.♣.~..♣~..~~~.....♣
≈≈...♣♣.~..~♣...~~.~♣♣♣♣
...........♣♣♣~§..♣♣♣
.~~.~~~..~~~♣.......
~~~~~~~~.~~~♣~~.~~~♣♣


You could see a shambling mangrove, a swamp dragon, a tyrant leech, a goliath
frog and 2 vampire mosquitoes.

Vanquished Creatures
  A tentacled monstrosity (Swamp:1)
  2 tentacled starspawn (Abyss:2)
  Aizul (Snake:4)
  A thorn hunter (Swamp:1)
  A tengu reaver (D:13)
  A draconian monk (Abyss:2)
  5 nagarajas (Snake:4)
  2 balrugs (Abyss:2)
  A stone giant (D:15)
  2 eleionomae
  A bunyip (Swamp:1)
  A white draconian (IceCv)
  The ghost of javelincjr the Fighter, a journeyman DgSh (Lair:3)
  2 minotaurs
  The ghost of Age the Warrior, a journeyman MiFi of Gozag (D:11)
  Josephine (Orc:2)
  The ghost of Newt the Fighter, a journeyman GrFi of Hepliaklqana (Lair:1)
  A crystal guardian (Abyss:2)
  The ghost of Ythuq the Protected, a journeyman GrFi of Trog (D:13)
  7 salamander tyrants
  2 vault guards (Bailey)
  An ice dragon (IceCv)
  2 hydras
  3 catoblepae (Lair:5)
  A spriggan skeleton (Abyss:2)
  6 naga warriors
  2 alligators (Swamp:1)
  13 death yaks (Lair:5)
  6 anacondas
  3 centaur warriors
  3 ironbound frosthearts (IceCv)
  A two-headed ogre (D:10)
  A boulder beetle (D:11)
  6 tengu warriors
  Urug (D:12)
  An orc high priest (D:10)
  A sun demon (Abyss:2)
  12 naga sharpshooters
  9 shock serpents
  2 spriggans (D:13)
  2 wretched stars (Abyss:2)
  3 sixfirhies (Gauntlet)
  A skyshark (Lair:4)
  2 deep trolls (D:14)
  6 salamander mystics
  A goliath frog (Swamp:1)
  2 wizards (D:15)
  4 spriggan simulacra (D:15)
  8 naga ritualists
  8 orc knights
  2 deep elf pyromancers
  An orange crystal statue (IceCv)
  10 mana vipers
  An orc sorcerer (Orc:1)
  A will-o-the-wisp (Swamp:1)
  21 salamanders
  3 cyclopes
  10 ugly things
  A worldbinder (Abyss:2)
  3 manticores
  2 guardian serpents
  10 elephants
  29 black mambas
  14 naga magi
  2 gargoyles
  3 minotaur zombies (Gauntlet)
  16 cane toads
  A kobold demonologist (D:14)
  14 rime drakes
  15 komodo dragons
  An efreet (D:12)
  2 unseen horrors
  An anaconda simulacrum (D:15)
  2 tengu conjurers
  2 ancient zymes (Abyss:2)
  3 large abominations (Abyss:2)
  2 queen bees
  A hellwing (Abyss:2)
  24 polar bears
  4 trolls
  2 tyrant leeches (Swamp:1)
  3 hornets
  24 blink frogs
  6 dream sheep (Lair:5)
  Prince Ribbit (Bailey)
  6 slime creatures (D:13)
  2 shadows (D:10)
  A water elemental (D:11)
  4 wyverns
  2 centaur simulacra (Gauntlet)
  8 wraiths
  5 humans (Bailey)
  Grum (Lair:1)
  A vampire (D:11)
  80 yaks
  2 steam dragons
  2 fire bats (Abyss:2)
  17 vampire mosquitoes
  8 basilisks
  2 neqoxecs (Abyss:2)
  A minotaur simulacrum (D:15)
  42 nagas
  A chaos spawn (Abyss:2)
  A harpy simulacrum (Gauntlet)
  A swamp worm (Swamp:1)
  An acid dragon (D:10)
  A hydra simulacrum (Gauntlet)
  14 water moccasins
  9 wargs
  Duvessa (D:5)
  34 orc warriors
  A swamp drake (Swamp:1)
  An ice beast (D:5)
  4 black bears
  4 small abominations (Abyss:2)
  6 ogres
  14 wolves
  A boggart (D:13)
  7 centaurs
  A phantom (D:6)
  Blork the orc (D:5)
  A kobold brigand (D:9)
  20 bullfrogs
  A gnoll sergeant (D:9)
  2 deep troll simulacra (D:15)
  4 scorpions
  Dowan (D:5)
  40 killer bees
  6 howler monkeys
  5 electric eels
  5 hounds
  4 jellies
  7 orc priests
  3 gnoll boudas
  A sleepcap (D:7)
  4 iguanas
  17 orc wizards
  20 gnolls
  7 adders
  2 shadow imps (D:7)
  A white imp (Abyss:2)
  2 ufetubi (D:5)
  6 worms
  A dart slug (D:4)
  84 orcs
  4 bats
  5 endoplasms
  6 giant cockroaches
  13 hobgoblins
  15 jackals
  10 quokkas
  10 ball pythons
  3 frilled lizards
  12 goblins
  13 kobolds
  8 rats
  A butterfly (Lair:4)
  3 starspawn tentacles (Abyss:2)
1018 creatures vanquished.

Vanquished Creatures (others)
  A shock serpent (Snake:3)
  A salamander mystic (Snake:4)
  A rime drake (IceCv)
  An orc wizard (D:5)
  An orc (D:12)
  7 starspawn tentacles (Abyss:2)
12 creatures vanquished.

Grand Total: 1030 creatures vanquished

Notes
Turn   | Place    | Note
-------+----------+-------------------------------------------
     0 | D:1      | jlumianski the Gargoyle Fighter began the quest for the
                  | Orb.
     0 | D:1      | Reached XP level 1. HP: 14/14 MP: 1/1
   151 | D:1      | Reached XP level 2. HP: 14/19 MP: 2/2
   426 | D:1      | Reached XP level 3. HP: 23/23 MP: 3/3
  1261 | D:2      | Reached XP level 4. HP: 10/29 MP: 4/4
  1517 | D:2      | Reached skill level 1 in Stealth
  1833 | D:1      | Reached XP level 5. HP: 8/33 MP: 1/5
  1836 | D:1      | Reached skill level 4 in Fighting
  2061 | D:2      | Reached XP level 6. HP: 25/39 MP: 3/6
  2310 | D:3      | Found a hide-covered altar of Uskayaw.
  2471 | D:3      | Found an ancient bone altar of Kikubaaqudgha.
  2475 | D:3      | Found a blossoming altar of Fedhas.
  3336 | D:3      | Reached XP level 7. HP: 35/44 MP: 5/7
  3572 | D:5      | Entered Level 5 of the Dungeon
  3576 | D:5      | Identified 2 scrolls of acquirement
  3576 | D:5      | Acquired 1074 gold pieces
  3578 | D:5      | Acquired a manual of Fighting
  3606 | D:5      | Reached skill level 5 in Fighting
  3768 | D:6      | Reached skill level 6 in Fighting
  3896 | D:5      | Reached skill level 5 in Axes
  3896 | D:5      | Reached XP level 8. HP: 38/52 MP: 8/8
  3979 | D:5      | Found a sparkling altar of Nemelex Xobeh.
  3979 | D:5      | Found a radiant altar of Vehumet.
  3979 | D:5      | Found a shadowy altar of Dithmenos.
  4115 | D:5      | Noticed Duvessa
  4115 | D:5      | Noticed Dowan
  4134 | D:5      | Killed Duvessa
  4135 | D:5      | Reached skill level 7 in Fighting
  4162 | D:5      | Killed Dowan
  4497 | D:5      | Noticed Blork the orc
  4514 | D:5      | Killed Blork the orc
  4748 | D:5      | Reached skill level 8 in Fighting
  4748 | D:5      | Reached skill level 5 in Armour
  4847 | D:4      | Found a white marble altar of Elyvilon.
  5124 | D:4      | Found a staircase to the Ecumenical Temple.
  5159 | Temple   | Entered the Ecumenical Temple
  5167 | Temple   | Became a worshipper of Warmaster Okawaru
  5224 | D:4      | Found a stormy altar of Qazlal.
  5237 | D:4      | Found a shimmering blue altar of Sif Muna.
  5448 | D:7      | Reached skill level 5 in Stealth
  5459 | D:6      | Found Kyurph Baic's Jewellery Emporium.
  5465 | D:6      | Bought a +4 ring of slaying for 936 gold pieces
  5494 | D:6      | Reached XP level 9. HP: 59/59 MP: 9/9
  5504 | D:6      | Reached skill level 5 in Shields
  5513 | D:6      | Reached skill level 1 in Invocations
  5549 | D:6      | Reached * piety under Okawaru
  5552 | D:6      | Reached skill level 9 in Fighting
  5931 | D:7      | Killed an unseen horror
  5946 | D:7      | Found Utrikuod's Weapon Boutique.
  5954 | D:7      | Bought 6 poisoned darts for 57 gold pieces
  6382 | D:7      | Reached skill level 10 in Fighting
  6388 | D:7      | Found a hazy altar of Hepliaklqana.
  6401 | D:7      | Reached ** piety under Okawaru
  6728 | D:8      | You fall into a shaft and drop 1 floor!
  6764 | D:10     | Entered Level 10 of the Dungeon
  6764 | D:10     | Found a staircase to the Orcish Mines.
  6771 | D:10     | Noticed a two-headed ogre
  6772 | D:10     | Reached XP level 10. HP: 64/68 MP: 12/12
  7172 | D:10     | Reached *** piety under Okawaru
  7269 | D:10     | Reached skill level 11 in Fighting
  7309 | D:11     | Found Abet's Magic Scroll Shop.
  7313 | D:11     | Bought a scroll of revelation for 120 gold pieces
  7313 | D:11     | Bought a scroll of blinking for 120 gold pieces
  7369 | D:10     | Killed a two-headed ogre
  7379 | D:10     | Found a flagged portal.
  7387 | Bailey   | Entered a bailey
  7446 | Bailey   | Reached **** piety under Okawaru
  7563 | Bailey   | Reached XP level 11. HP: 76/76 MP: 14/14
  7568 | Bailey   | Reached skill level 5 in Invocations
  7609 | Bailey   | Noticed a vault guard
  7615 | Bailey   | Reached skill level 12 in Fighting
  7627 | Bailey   | Killed a vault guard
  7664 | Bailey   | Noticed a vault guard
  7664 | Bailey   | Noticed Prince Ribbit
  7673 | Bailey   | Killed Prince Ribbit
  7681 | Bailey   | Killed a vault guard
  7794 | D:11     | Bought a scroll of identify for 32 gold pieces
  7794 | D:11     | Bought a scroll of identify for 32 gold pieces
  7794 | D:11     | Bought a scroll of identify for 32 gold pieces
  7842 | D:9      | Reached skill level 10 in Axes
  7848 | D:9      | Reached ***** piety under Okawaru
  9412 | D:11     | Found a staircase to the Lair.
  9497 | D:11     | Noticed a boulder beetle
  9509 | D:11     | Killed a boulder beetle
  9545 | D:11     | Reached skill level 13 in Fighting
  9607 | D:11     | Identified the +1 short sword "Tiukher" {venom, *Rage
                  | Will++}
  9619 | D:11     | Identified the +3 chain mail of the Beggar {Will+} (Okawaru
                  | gifted it to you on level 11 of the Dungeon)
  9619 | D:11     | Received a gift from Okawaru
  9707 | D:11     | Noticed Age's ghost (journeyman MiFi)
  9708 | D:11     | Found a transporter.
  9711 | D:11     | Found a transporter.
 10073 | D:11     | Killed Age's ghost
 10074 | D:11     | Reached XP level 12. HP: 61/84 MP: 15/17
 10573 | D:13     | Noticed a tengu warrior
 10573 | D:13     | Noticed a tengu warrior
 10867 | D:12     | Reached skill level 14 in Fighting
 10885 | D:12     | Noticed Urug
 11041 | D:12     | Killed Urug
 11418 | Lair:1   | Entered Level 1 of the Lair of Beasts
 11534 | Lair:1   | Noticed Grum
 11553 | Lair:1   | Killed Grum
 11606 | Lair:1   | Identified the +0 kite shield of Ohischite {rElec rN+ Will+
                  | Int+2} (Okawaru gifted it to you on level 1 of the Lair of
                  | Beasts)
 11606 | Lair:1   | Received a gift from Okawaru
 11788 | Lair:1   | Reached skill level 15 in Fighting
 11791 | Lair:1   | Reached skill level 10 in Stealth
 11823 | Lair:1   | Reached XP level 13. HP: 53/92 MP: 19/19
 12095 | Lair:1   | Noticed a minotaur
 12096 | Lair:1   | Noticed Newt's ghost (journeyman GrFi)
 12098 | Lair:1   | Found a runed translucent gate.
 12102 | Lair:1   | Found a runed translucent gate.
 12106 | Lair:1   | Found a runed translucent gate.
 12180 | Lair:1   | You fall into a shaft and drop 1 floor!
 12521 | Lair:1   | Killed Newt's ghost
 12528 | Lair:1   | Killed a minotaur
 12815 | Lair:2   | Identified the +0 scale mail "Ynugis" {Dex+5} (Okawaru
                  | gifted it to you on level 2 of the Lair of Beasts)
 12815 | Lair:2   | Received a gift from Okawaru
 12993 | Lair:2   | Found a staircase to the Snake Pit.
 13591 | Lair:4   | Reached skill level 16 in Fighting
 13620 | Lair:4   | Identified the +6 quarterstaff of Wrath {venom, *Noise
                  | rElec Stlth+}
 13659 | Lair:4   | Found a gate leading to a gauntlet.
 13689 | Gauntlet | Entered a Gauntlet
 13689 | Gauntlet | Noticed a quicksilver ooze
 13689 | Gauntlet | Found a transporter.
 13692 | Gauntlet | Found a transporter.
 13707 | Gauntlet | Found a transporter.
 13711 | Gauntlet | Found a transporter.
 13713 | Gauntlet | Found a large runed translucent door.
 13713 | Gauntlet | Found a large runed translucent door.
 13714 | Gauntlet | Found a large runed translucent door.
 13714 | Gauntlet | Found a large runed translucent door.
 13715 | Gauntlet | Found a large runed translucent door.
 13715 | Gauntlet | Found a large runed translucent door.
 13715 | Gauntlet | Found a runed translucent door.
 13715 | Gauntlet | Found a runed translucent door.
 13716 | Gauntlet | Found a large runed translucent door.
 13716 | Gauntlet | Found a large runed translucent door.
 13717 | Gauntlet | Found a large runed translucent door.
 13717 | Gauntlet | Found a large runed translucent door.
 13718 | Gauntlet | Found a large runed translucent door.
 13718 | Gauntlet | Found a large runed translucent door.
 13720 | Gauntlet | Found a runed translucent gate.
 13720 | Gauntlet | Found a runed translucent gate.
 13720 | Gauntlet | Found a runed translucent gate.
 13722 | Gauntlet | Found a transporter.
 13734 | Gauntlet | Found a large runed translucent door.
 13735 | Gauntlet | Found a large runed translucent door.
 13744 | Gauntlet | Found a transporter.
 13745 | Gauntlet | Found a large runed translucent door.
 13745 | Gauntlet | Found a large runed translucent door.
 13748 | Gauntlet | Found a transporter.
 13758 | Gauntlet | Found a transporter.
 13782 | Gauntlet | Found a transporter.
 13801 | Gauntlet | Found a transporter.
 13805 | Gauntlet | Found a transporter.
 13813 | Gauntlet | Found a transporter.
 13927 | Gauntlet | Identified the +2 pair of gloves "Jazux" {rN++ Str-5 Dex+2}
 13956 | Gauntlet | Identified the +3 hat "Josm" {-Tele rPois rF+}
 14003 | Gauntlet | Noticed a minotaur
 14013 | Gauntlet | Killed a minotaur
 14096 | Lair:4   | Gained mutation: Your large and strong wings let you fly.
                  | [Gargoyle growth]
 14096 | Lair:4   | Reached XP level 14. HP: 93/100 MP: 20/20
 14203 | Lair:4   | Reached ****** piety under Okawaru
 14719 | Lair:3   | Found a runed translucent gate.
 14719 | Lair:3   | Found a runed translucent gate.
 14720 | Lair:3   | Found a runed translucent gate.
 14722 | Lair:3   | Noticed javelincjr's ghost (journeyman DgSh)
 14748 | Lair:3   | Killed javelincjr's ghost
 14786 | Lair:4   | Found a staircase to the Slime Pits.
 14823 | Lair:3   | Received a gift from Okawaru
 14982 | Lair:3   | Found a staircase to the Swamp.
 14982 | Lair:3   | Noticed an eleionoma
 14992 | Lair:3   | Killed an eleionoma
 15360 | Lair:5   | Entered Level 5 of the Lair of Beasts
 15595 | Lair:5   | Reached skill level 10 in Invocations
 15719 | Lair:5   | Received a gift from Okawaru
 15953 | Lair:5   | Identified the -1 pair of gloves of Shadows and Fog {rPois
                  | Str+4 Int-4}
 16137 | Lair:5   | Reached skill level 17 in Fighting
 16165 | Lair:5   | Reached XP level 15. HP: 107/107 MP: 14/22
 16405 | Lair:5   | Identified the -1 pair of boots of Protective Custody
                  | {rElec rCorr Int+6} (Okawaru gifted it to you on level 5 of
                  | the Lair of Beasts)
 16405 | Lair:5   | Received a gift from Okawaru
 16581 | Lair:5   | Got the Teachings on Arenous Distance
 16905 | Orc:1    | Entered Level 1 of the Orcish Mines
 16972 | Orc:1    | Found Dusut's Self-Improvement Boutique.
 17095 | Orc:2    | Entered Level 2 of the Orcish Mines
 17611 | Orc:2    | Found a staircase to the Elven Halls.
 17678 | Orc:2    | Noticed Josephine
 17687 | Orc:2    | Killed Josephine
 18016 | Orc:2    | Found Ecaf's Weapon Shop.
 18016 | Orc:2    | Found Tejuthiff's Jewellery Shoppe.
 18092 | Orc:2    | Found Gymy's Assorted Antiques.
 18103 | Orc:2    | Found Diumasm's Armour Shoppe.
 18373 | Orc:2    | Bought a scroll of acquirement for 1092 gold pieces
 18379 | Orc:2    | Acquired 743 gold pieces
 18387 | Orc:2    | Bought a wand of light (7) for 617 gold pieces
 18387 | Orc:2    | Bought a pair of boots for 94 gold pieces
 18573 | D:13     | Found a gate to the Vaults.
 18573 | D:13     | Noticed a tengu reaver
 18579 | D:13     | Killed a tengu reaver
 18833 | D:13     | Reached skill level 10 in Shields
 18892 | D:13     | Found a runed translucent door.
 18894 | D:13     | Noticed Ythuq's ghost (journeyman GrFi)
 18898 | D:13     | Identified the +5 spear of Courage {holy, *Slow Fragile
                  | rN+++ Will+}
 19370 | D:13     | Killed Ythuq's ghost
 19577 | D:15     | Entered Level 15 of the Dungeon
 19586 | D:15     | Found a portal to a secret trove of treasure.
 19593 | D:14     | Reached XP level 16. HP: 107/114 MP: 24/24
 19639 | D:15     | Found a frozen archway.
 19655 | D:15     | Received a gift from Okawaru
 19659 | D:15     | Reached skill level 15 in Axes
 19758 | IceCv    | Entered an ice cave
 19783 | IceCv    | Reached skill level 10 in Armour
 19877 | IceCv    | Reached skill level 18 in Fighting
 20174 | IceCv    | Received a gift from Okawaru
 20236 | IceCv    | Noticed a shard shrike
 20746 | IceCv    | Identified the +5 morningstar of Obiter Dictum {flame,
                  | rElec rC+ Will-}
 20965 | Abyss:2  | Cast into level 2 of the Abyss (a wizard)
 20999 | Abyss:2  | Found a corrupted altar of Lugonu.
 21007 | Abyss:2  | Found a corrupted altar of Lugonu.
 21007 | Abyss:2  | Found a corrupted altar of Lugonu.
 21062 | Abyss:2  | Noticed a tentacled starspawn
 21073 | Abyss:2  | Killed a tentacled starspawn
 21084 | Abyss:2  | Noticed a tentacled starspawn
 21290 | Abyss:2  | Noticed a green draconian monk
 21300 | Abyss:2  | Gained mutation: Your magical capacity is low. (-10% MP) [a
                  | neqoxec]
 21301 | Abyss:2  | Killed a green draconian monk
 21328 | Abyss:2  | Noticed a tentacled starspawn
 21338 | Abyss:2  | Killed a tentacled starspawn
 21375 | D:15     | Escaped the Abyss
 21419 | D:15     | Found a staircase to the Depths.
 21585 | D:15     | Reached skill level 1 in Maces & Flails
 21823 | Orc:1    | Bought a manual of Armour for 1120 gold pieces
 22023 | Snake:1  | Entered Level 1 of the Snake Pit
 22023 | Snake:1  | Found Guiso's Magic Scroll Shop.
 22041 | Snake:1  | Bought a scroll of fear for 56 gold pieces
 22184 | Snake:1  | Received a gift from Okawaru
 22505 | Snake:1  | Reached skill level 1 in Evocations
 22876 | Snake:2  | Reached XP level 17. HP: 119/120 MP: 23/23
 23434 | Snake:2  | You are sucked into a shaft and drop 1 floor!
 23773 | Snake:2  | Identified the +0 pair of boots of Uwaud {Will+ Regen+}
                  | (Okawaru gifted it to you on level 2 of the Snake Pit)
 23773 | Snake:2  | Received a gift from Okawaru
 24392 | Snake:4  | Entered Level 4 of the Snake Pit
 24643 | Snake:3  | Reached skill level 19 in Fighting
 25444 | Snake:4  | Found Toggotiv's Magic Scroll Boutique.
 25446 | Snake:4  | Found Uduapn's General Store.
 25448 | Snake:4  | Found Suubboil's General Store.
 25459 | Snake:4  | Bought a scroll of blinking for 135 gold pieces
 25570 | Snake:4  | Reached skill level 15 in Stealth
 25574 | Snake:4  | Reached XP level 18. HP: 108/128 MP: 25/25
 25913 | Snake:4  | Identified the +3 plate armour of Xiastea {Will+ Int+3
                  | Slay+6} (Okawaru gifted it to you on level 4 of the Snake
                  | Pit)
 25913 | Snake:4  | Received a gift from Okawaru
 25922 | Snake:4  | Noticed Aizul
 25941 | Snake:4  | Killed Aizul
 26159 | Snake:4  | Got a serpentine rune of Zot
 26220 | Snake:4  | Found Naobrec's Jewellery Boutique.
 26222 | Snake:4  | Found Myps's General Store.
 26241 | Snake:4  | Found Loev's Distillery.
 26584 | Swamp:1  | Entered Level 1 of the Swamp
 26754 | Swamp:1  | Noticed a tentacled monstrosity
 26764 | Swamp:1  | Killed a tentacled monstrosity
 26837 | Swamp:1  | HP: 1/128 [tyrant leech (14)]
 26837 | Swamp:1  | Slain by a goliath frog

Illustrated notes

Levels and vault maps discovered:
D:1:      saegor_arrival_under_anarchy, layout_basic
D:2:      layout_rooms, minmay_misc_feat_enclosed, glass_columns_a,
          reono_crystal_passage
D:3:      layout_rooms, grunt_temple_overflow_growth_and_decay,
          nicolae_uskayaw_dance_hall, kennysheep_orc_chapel
D:4:      layout_cave_pools, elyvilon_altar_3, amethyst_overflow_temple_binary,
          minmay_temple_entry_nine_rooms
D:5:      layout_loops_cross, gammafunk_temple_overflow_claw,
          portal_sewer_entry_e, chequers_serial_rivers_micro_e,
          serial_bayou_pond_d, nrook_uturn, grunt_ministairs_14,
          uniq_blork_the_orc, uniq_duvessa
D:6:      layout_rooms, serial_shops,
          nicolae_shop_temple_entry_statues_fountains, minmay_manual_monolith
D:7:      layout_loops_ring, nicolae_hepliaklqana_hazy_memory, serial_shops,
          shop
D:8:      layout_loops_ring, minmay_misc_feat_pillars
D:9:      layout_irregular_city, minmay_door_square
D:10:     layout_loops_cross, orc_0_dummy, enter_bailey_6
D:11:     layout_basic, erik_lair_orcish_takeover, serial_shops,
          nicolae_shop_hallway_stairs, gammafunk_ghost_hive
D:12:     layout_basic, uniq_urug
D:13:     layout_loops_cross, hellmonk_vaults_attempted_burglary,
          ebering_ghost_funeral_grove, corexii_checkpoint_a
D:14:     layout_rooms, serial_shops,
          nicolae_shop_temple_entry_statues_fountains, nicolae_shop_tiny_glass
D:15:     hangedman_depths_entry_civil_slaughter, layout_basic,
          portal_ice_cave_entry_ice_simulacra, enter_trove_2
Temple:   nicolae_temple_x_marks_the_god
Lair:1:   layout_roguey [special_room_bee], maelrawn_ghost_gauntlet_escape,
          grunt_megastairs_4, lemuel_fruit_tree, uniq_grum
Lair:2:   layout_chaotic_city, dummy_snake_entry, nicolae_lair_lil_pond,
          eino_small_chamber_without_monster, fungi_pond_lemuel
Lair:3:   layout_long_grid, alex1729_swamp_entry_worm_eleionoma,
          ebering_ghost_rock_garden, kennysheep_basilisk_garden
Lair:4:   layout_big_grid, slime_entry_1, gauntlet_entry_generic, pond,
          lemuel_fruit_fields
Lair:5:   evilmike_catoblepas_cave, layout_small_grid, grunt_megastairs_5,
          serial_bayou_shore_a
Swamp:1:  layout_basic_swamp, nicolae_swamp_small_spring
Snake:1:  layout_gridlike, serial_corexii_hall, corexii_hall_statues_deadend,
          chequers_hall_statues_wall_a, corexii_hall_statues_l, serial_shops,
          nicolae_shop_tiny_waterfront
Snake:2:  layout_gridlike
Snake:3:  layout_layer_cave, grunt_megastairs_3
Snake:4:  minmay_snake_end_coiled, layout_gridlike,
          nicolae_snake_round_shape_thing, nicolae_snake_serpentine_bazaar,
          minmay_shop_star, uniq_aizul
Orc:1:    layout_caves, basic_altar, nicolae_shop_self_help
Orc:2:    st_orc_town, layout_caves, lightli_orcish_oven, uniq_josephine

Skill      XL: |  1  2  3  4  5  6  7  8  9 10 11 12 13 14 15 16 17 18 |
---------------+-------------------------------------------------------+-----
Axes           | 2 3 4 5 6 7 9 10 11 12 13 14 15 16 | 16.4
Stealth        | 1 2 4 5 6 7 8 10 11 12 13 14 15 | 15.3
Fighting       | 4 6 8 10 11 13 15 16 17 18 19 | 19.4
Armour         | 4 5 6 7 8 9 10 12 13 | 13.7
Shields        | 4 5 6 8 9 10 11 12 | 12.6
Invocations    | 3 4 6 8 9 10 11 12 13 | 13.4
Maces & Flails | 1 |  1.1
Evocations     | 1 3 4 |  4.5
Throwing       | |  0.7

Action                     |  1- 3 |  4- 6 |  7- 9 | 10-12 | 13-15 | 16-18 || total
---------------------------+-------+-------+-------+-------+-------+-------++-------
  Melee: War axe           |    86 |   172 |   356 |       |       |       ||   614
         Broad axe         |       |       |    40 |   578 |   706 |   804 ||  2128
         Eveningstar       |       |       |       |       |     7 |     7 ||    14
  Throw: Stone             |       |       |     2 |       |       |       ||     2
         Throwing net      |       |       |     1 |       |       |     2 ||     3
         Dart              |       |       |       |     6 |       |       ||     6
 Invoke: Heroism           |       |       |       |     4 |     6 |     9 ||    19
         Finesse           |       |       |       |       |     4 |     8 ||    12
  Evoke: Wand              |       |       |       |     3 |     1 |     8 ||    12
    Use: Potion            |     1 |     2 |       |     2 |     3 |     5 ||    13
         Scroll            |       |       |    20 |     8 |     6 |    10 ||    44
   Stab: Invisible         |       |       |       |     3 |       |       ||     3
         Distracted        |       |       |       |       |     2 |       ||     2
         Sleeping          |       |       |       |       |     1 |       ||     1
 Armour: Plate armour      |    93 |   163 |   360 |   272 |       |   119 ||  1007
         Scale mail        |     3 |       |       |       |       |       ||     3
         Chain mail        |       |       |       |   487 |   195 |       ||   682
         Gold dragon scale |       |       |       |       |   802 |  1108 ||  1910
  Dodge: Dodged            |    43 |   122 |   263 |   382 |   175 |   189 ||  1174
         Repelled          |       |       |       |     5 |     2 |    25 ||    32
  Block: Buckler           |    23 |    33 |   101 |   178 |       |       ||   335
         Tower shield      |       |       |       |    47 |   776 |  1060 ||  1883
         Reflection        |       |       |       |       |       |    60 ||    60

Table legend: (Time is in decaauts)
 A = Elapsed time spent in this place.
 B = Non-inter-level travel time spent in this place.
 C = Inter-level travel time spent in this place.
 D = Time resting spent in this place.
 E = Time spent auto-exploring this place.
 F = Levels seen in this place.
 G = Mean time per level.
                   A        B        C        D        E       F      G
               +--------+--------+--------+--------+--------+-----+--------+
         Total |  27811 |  26220 |   1591 |   1555 |  12253 |  32 |  869.1 |
       Dungeon |  13616 |  12725 |    891 |    840 |   6377 |  15 |  907.7 |
        Temple |     15 |     15 |      0 |      0 |      0 |   1 |   15.0 |
          Lair |   5464 |   5067 |    397 |    174 |   2489 |   5 | 1092.8 |
         Swamp |    256 |    256 |      0 |      0 |     96 |   1 |  256.0 |
     Snake Pit |   4566 |   4296 |    270 |     21 |   2522 |   4 | 1141.5 |
  Orcish Mines |   1619 |   1588 |     31 |    193 |    494 |   2 |  809.5 |
         Abyss |    435 |    435 |      0 |    146 |      0 |   1 |  435.0 |
        Bailey |    340 |    340 |      0 |      0 |      0 |   1 |  340.0 |
      Ice Cave |   1089 |   1089 |      0 |    181 |    272 |   1 | 1089.0 |
      Gauntlet |    407 |    407 |      0 |      0 |      2 |   1 |  407.0 |
               +--------+--------+--------+--------+--------+-----+--------+

Top non-repeatable levels by time:
     D:1: 1788 daAuts
  Lair:1: 1464 daAuts
 Snake:3: 1459 daAuts
    D:11: 1411 daAuts
  Lair:5: 1196 daAuts
 Snake:4: 1139 daAuts
 Snake:2: 1126 daAuts
   IceCv: 1089 daAuts
     D:5: 1071 daAuts
    D:12: 1056 daAuts
    D:13: 999 daAuts
  Lair:2: 998 daAuts
    D:10: 995 daAuts
  Lair:3: 976 daAuts
     D:2: 902 daAuts
